Unix xNetHack Version 7.1.0 - last build May 27 2022 12:39:55 (40ddc3af3caeb211f83a4e7a6471a44cedb5a298). Game began 2022-06-08 01:21:12, ended 2022-06-08 01:32:54. cathartes, lawful female human Knight --- ----.--- | ----- ----......-- - ........ |.@a.d.....| ........- --- |!---....%.| ............... |. --....-- .............--- | ---- - --.---- --- ...............................| -- |..| |<.......?....................- .. --.--- |.)....................-- | -..---...--- --.....................| -----..........----..--.................-- | |.........................................................- -- -------.............------------ ......................| -.........|.|..| ...............| -- .........-------- ............-- ....--....- .-- - ...-- |.... - |...- -- | ---.- --.. -- --- Cathartes the Esquire St:6 Dx:8 Co:14 In:9 Wi:15 Ch:17 Lawful S:1158 Dlvl:5 $:118 HP:0(45) Pw:37(37) AC:3 Xp:5/210 T:1289 Latest messages: In what direction do you want to dig? [hykul>] > You start digging downward. You dig a hole through the floor. You fall through... Your ring mail blocks the dog's attack. What do you want to wield? [- av or ?*] a a - a +1 long sword (weapon in hand) {40}. Your ring mail blocks the dog's attack. You rend the dog! The dog bites! The dog bites! You miss the dog. The dog bites! The dog bites! You miss the dog. The dog misses! The dog misses! You lacerate the dog! The dog bites! The dog just misses! You gash the dog! The dog bites! You rend the dog. The dog misses! The dog bites! You kill the dog! You see here a dog corpse. What do you want to wield? [- av or ?*] - You are empty handed. What do you want to wield? [- av or ?*] a a - a +1 long sword (weapon in hand) {40}. You kill the gnome! What do you want to write with? [- amprsuxD or ?*] - You write in the dust with your fingertip. What do you want to write in the dust here? Elbereth The killer bee stings! What do you want to write with? [- amprsuxD or ?*] - Do you want to add to the current engraving? [ynq] (y) n You wipe out the message that was written in the dust here. You write in the dust with your fingertip. What do you want to write in the dust here? Elbereth The killer bee stings! The killer bee stings! The killer bee's sting was poisoned! You die... Do you want your possessions identified? [ynq] (y) y Do you want to see your attributes? [ynq] (y) y Do you want an account of creatures vanquished? [ynaq] (y) y Do you want to see your conduct and achievements? [ynq] (y) y Do you want to see the dungeon overview? [ynq] (y) y Major events: Turn 1: cathartes the lawful female human Knight entered the dungeon 551: entered the Gnomish Mines 604: attained the rank of Esquire (level 3) 1289: killed by a killer bee Inventory: Inventory: 502/550 weight (24/52 slots) Coins $ - 118 gold pieces {1} Weapons a - a +1 long sword (weapon in hand) {40} Armor d - an uncursed +0 helmet (being worn) {23} f - an uncursed +0 pair of leather gloves (being worn) {8} e - an uncursed +0 small shield (being worn) {23} c - an uncursed +1 ring mail (being worn) {188} Comestibles i - a cursed slime mold {5} g - 2 uncursed apples {4} h - 14 uncursed carrots {28} q - an uncursed egg {1} Scrolls n - a blessed scroll of identify {5} Potions j - an uncursed potion of hallucination {20} k - a cursed potion of healing {20} Rings s - a blessed +2 ring of protection {3} Wands u - a blessed wand of cancellation (0:7) {7} Tools t - an uncursed credit card {1} l - an uncursed leash {12} w - an uncursed silver magic whistle {3} v - a +0 pick-axe {100} o - an uncursed tallow candle {2} Gems/Stones r - an uncursed jasper stone {1} m - an uncursed worthless piece of black glass {1} D - an uncursed worthless piece of blue glass {1} x - an uncursed worthless piece of red glass {1} p - 4 uncursed worthless pieces of yellowish brown glass {4} Cathartes the Knight's attributes: Background: You were an Esquire, a level 5 female human Knight. You were lawful, on a mission for Lugh who was opposed by Brigit (neutral) and Manannan Mac Lir (chaotic). You were heterosexual. You were in the Gnomish Mines, on level 5. You entered the dungeon 1289 turns ago. It was nighttime. You had 210 experience points, 110 more were needed to attain level 6. Your score was 1158 before end-of-game adjustments. Basics: You had 0 out of 45 hit points. You had all 37 energy points (spell power). Your armor class was 3. Your wallet contained 118 zorkmids. Autopickup was on for '$' plus thrown. Final Characteristics: Your strength was 6 (peak:14, limit:18/100). Your dexterity was 8 (limit:18). Your constitution was 14 (limit:18). Your intelligence was 9 (limit:18). Your wisdom was 15 (limit:18). Your charisma was 17 (limit:18). Final Status: You were not hungry. You were unencumbered. You were wielding a long sword. You had basic skill with long sword. Final Attributes: You were devoutly aligned. You could jump. You were warded. You are dead. Miscellaneous: You encountered 1 bones level. Total elapsed playing time was 11 minutes and 41 seconds. Vanquished creatures: a dog a pony 2 gnome leaders 2 giant ants a dwarf an iguana a hobbit a large kobold 21 gnomes 3 jackals a fox 2 goblins 3 grid bugs 2 lichens a kobold zombie 43 creatures vanquished. No species were genocided or became extinct. Voluntary challenges: You read items or engraved 3 times. You never genocided any monsters. You never polymorphed an object. You never changed form. You never touched an artifact. You used no wishes. You never scared an enemy with impunity. You were celibate. You never generated conflict. Achievements: You entered the Gnomish Mines. You attained the rank of Esquire. The Dungeons of Doom: levels 1 to 3 Level 1: Some trees. Level 2: Stairs down to The Gnomish Mines. Level 3: The Gnomish Mines: levels 3 to 5 Level 3: Level 4: Level 5: <- You were here. A grave. Final resting place for you, killed by a killer bee, murgatroid99-Val-Dwa-Fem-Law, killed by a killer bee, while praying, Tokage-Val-Dwa-Fem-Law, killed by a killer bee. Game over: __________ / \ / REST \ / IN \ / PEACE \ / \ | cathartes | | 118 Au | | killed by a | | killer bee | | | | | | 2022 | *| * * * | * _________)/\\_//(\/(/\)/\//\/|_)_______ Fare thee well cathartes the Knight... You died in The Gnomish Mines on dungeon level 5 with 1147 points, and 118 pieces of gold, after 1289 moves. You were level 5 with a maximum of 45 hit points when you died.